Map: Lerilak Crest

Players

Yoonmi

  • Race: Zerg Zerg
  • League: Diamond

MorN - Winner!

  • Race: Terran Terran
  • League: Master

VOD

Have the link to the VOD?

Description

Time

  • Played on: Nov. 21, 2015, 9:54 p.m.
  • Length: 13:07
Show
View Real Time Build Order
Export as new Build Order

Yoonmi Zerg 

Build Orders: Hatch First 

Get SALT Encoding   

  12  0:00  Drone  
  13  0:12  Overlord  
  13  0:17  Drone  
  14  0:30  Drone x2  
  14  0:34  Drone  
  17  0:45  Drone  
  18  0:57  Hatchery  
  17  0:59  Drone  
  18  1:06  Drone  
  19  1:15  Extractor  
  19  1:17  Spawning Pool  
  17  1:19  Drone  
  18  1:28  Drone  
  19  1:39  Overlord  
  19  1:52  Drone  
  20  2:00  Drone  
  21  2:09  Drone, Queen x2  
  26  2:21  Metabolic Boost  
  26  2:24  Zergling x6  
  29  2:30  Drone  
  29  2:36  Drone  
  31  2:41  Drone  
  31  2:43  Drone  
  32  3:00  Lair  
  32  3:01  Drone x2  
  32  3:04  Overlord  
  34  3:05  Drone  
  35  3:13  Drone  
  35  3:15  Extractor  
  35  3:17  Extractor  
  34  3:20  Drone x2  
  34  3:21  Extractor  
  34  3:22  Overlord  
  34  3:24  Drone x2  
  37  3:32  Drone, Roach Warren  
  37  3:36  Evolution Chamber, Drone  
  37  3:45  Drone  
  37  3:46  Drone  
  38  3:53  Evolution Chamber  
  37  3:57  Drone x6  
  43  4:06  Zerg Ground Armor Level 1  
  43  4:07  Drone x2  
  45  4:13  Overlord  
  45  4:15  Drone  
  46  4:26  Drone x2  
  47  4:31  Zerg Missile Weapons Level 1, Glial Reconstitution  
  47  4:33  Roach x2  
  47  4:34  Roach  
  53  4:47  Roach x3  
  59  4:56  Hatchery  
  50  5:08  Queen  
  51  5:27  Hydralisk Den  
  50  5:30  Roach x4  
  50  5:31  Roach  
  52  6:01  Hydralisk x4  
  60  6:17  Drone x6  
  62  6:32  Drone x3  
  59  6:41  Drone x5  
  59  6:42  Zerg Missile Weapons Level 2  
  59  6:43  Zerg Ground Armor Level 2  
  59  6:44  Queen  
  64  6:50  Queen  
  66  7:04  Overlord x2  
  66  7:11  Muscular Augments  
  66  7:15  Overlord  
  66  7:24  Drone x2  
  66  7:26  Drone x7  
  75  7:35  Drone  
  75  7:36  Drone x2  
  78  7:38  Hydralisk x3, Extractor x2  
  82  7:48  Hydralisk  
  82  7:49  Hydralisk x2  
  88  7:54  Overlord x2  
  88  7:55  Overlord  
  88  8:04  Roach x2  
  90  8:06  Overlord x2  
  90  8:07  Overlord  
  84  8:20  Roach x5  
  84  8:21  Roach x2  
  78  8:28  Roach  
  78  8:29  Roach x3  
  76  8:36  Roach x4  
  78  8:53  Hydralisk x4  
  81  8:56  Overseer  
  69  9:14  Drone x3  
  69  9:15  Drone  
  71  9:20  Drone  
  71  9:21  Drone x2  
  74  9:25  Hydralisk x2  
  74  9:26  Hydralisk x5  
  88  9:33  Queen  
  90  9:46  Drone x3  
  90  9:48  Infestation Pit  
  90  9:53  Hydralisk x5  
  98  10:07  Drone x3, Queen  
  98  10:09  Hydralisk  
  103  10:26  Hydralisk  
  103  10:28  Overlord x2  
  105  10:33  Hatchery  
  92  10:42  Hydralisk  
  76  10:43  Hydralisk x7  
  92  10:51  Hive  
  92  10:54  Drone x2  
  92  10:55  Drone  
  95  11:05  Hydralisk x2  
  95  11:06  Hydralisk x4  
  95  11:10  Overseer  
  107  11:21  Hydralisk x5  
  101  11:31  Hydralisk x4  
  93  11:43  Hydralisk x5  
  86  11:57  Hydralisk x5  
  80  12:09  Roach  
  80  12:10  Roach x4  
  71  12:23  Hydralisk x3  
  73  12:33  Hydralisk  
  73  12:34  Hydralisk x2  
Show
View Real Time Build Order
Export as new Build Order

MorN Terran - Winner!

Build Orders: Liberator Opening, Reaper Expand, MMM Bio 

Get SALT Encoding   

  12  0:00  SCV  
  13  0:13  SCV  
  14  0:19  Supply Depot  
  14  0:28  SCV  
  15  0:40  SCV  
  15  0:41  Barracks  
  16  0:46  Refinery  
  16  0:59  SCV  
  17  1:11  SCV  
  18  1:29  Orbital Command  
  18  1:30  Reaper  
  19  1:39  Command Center  
  19  1:50  Supply Depot  
  19  1:56  SCV  
  20  2:02  Reaper  
  21  2:09  SCV  
  22  2:25  Factory  
  22  2:27  SCV  
  23  2:35  Command Center  
  23  2:40  SCV  
  23  2:43  Barracks Reactor  
  24  2:47  Refinery  
  24  2:58  SCV  
  24  3:01  Orbital Command  
  25  3:10  SCV  
  26  3:18  Starport  
  26  3:28  SCV  
  26  3:29  SCV  
  26  3:30  Barracks Tech Lab  
  26  3:32  Hellion x2  
  32  3:39  Liberator  
  32  3:44  SCV  
  32  3:47  Orbital Command  
  32  3:48  SCV  
  34  3:54  Hellion x2  
  38  3:56  SCV  
  38  3:59  Marine  
  38  4:01  SCV  
  44  4:08  SCV  
  44  4:09  Supply Depot  
  45  4:12  Stimpack  
  45  4:16  SCV  
  46  4:21  Hellion x2  
  49  4:29  SCV  
  49  4:30  Marine  
  50  4:34  SCV  
  50  4:37  Supply Depot  
  51  4:40  Engineering Bay  
  51  4:41  Refinery  
  51  4:44  Engineering Bay  
  51  4:50  Barracks  
  51  4:51  Factory Reactor  
  51  4:54  SCV  
  51  4:55  Barracks  
  51  4:58  Marauder  
  52  5:09  SCV  
  52  5:12  SCV  
  52  5:13  SCV, Bunker  
  55  5:14  Bunker  
  55  5:19  Marauder  
  55  5:21  SCV  
  58  5:35  SCV  
  59  5:37  Supply Depot  
  59  5:41  Marauder  
  61  5:47  SCV  
  57  5:54  SCV  
  57  5:55  SCV  
  59  6:02  Starport Reactor, Marauder  
  59  6:03  Terran Infantry Weapons Level 1, Terran Infantry Armor Level 1  
  61  6:06  Refinery  
  56  6:18  Marine x2  
  56  6:19  Marine x2  
  56  6:21  Factory Reactor  
  56  6:24  Marauder  
  56  6:25  SCV, Barracks x2  
  63  6:27  Supply Depot  
  63  6:31  SCV  
  63  6:36  Combat Shields, Marine x3  
  63  6:37  Marine  
  61  6:45  Marauder  
  61  6:46  SCV  
  64  6:47  SCV  
  64  6:49  Supply Depot  
  64  6:51  SCV  
  64  6:52  Armory  
  66  6:54  Missile Turret, Marine x3  
  69  7:04  Widow Mine x2  
  69  7:05  Medivac x2  
  69  7:06  Marauder  
  69  7:08  SCV  
  80  7:09  Supply Depot  
  80  7:12  Orbital Command  
  80  7:13  Barracks Reactor x2  
  80  7:16  Marine  
  80  7:17  Marine x2  
  80  7:21  SCV  
  84  7:24  Supply Depot  
  84  7:27  Marine  
  84  7:28  Marauder  
  87  7:32  SCV  
  87  7:33  Supply Depot  
  87  7:34  Marine  
  89  7:41  SCV  
  90  7:46  SCV  
  90  7:49  Marauder, Widow Mine, Marine x4  
  99  7:53  Barracks, Medivac  
  99  7:54  Hellion, Barracks  
  99  7:55  Barracks, Medivac  
  103  8:05  Marine x2  
  103  8:06  Marine  
  103  8:10  Marauder  
  108  8:12  Marine  
  108  8:13  Marine x3  
  108  8:18  Marine  
  111  8:23  Marine x3  
  99  8:30  Marine x2  
  99  8:31  Marine x2  
  99  8:32  Marauder  
  98  8:34  SCV  
  98  8:35  SCV x2, Marine  
  98  8:38  Supply Depot, Refinery x2  
  98  8:40  Marine  
  98  8:41  Marine x2  
  103  8:44  Supply Depot, Medivac x2  
  106  8:53  Marauder, Marine  
  100  9:00  Liberator, Marine x4  
  100  9:01  Liberator  
  100  9:02  Barracks Tech Lab x2  
  97  9:03  Barracks Reactor  
  97  9:05  SCV x2  
  92  9:14  Marine x2  
  92  9:15  SCV, Marauder  
  92  9:17  SCV x2  
  100  9:28  Marine x7  
  100  9:29  Marauder  
  100  9:30  SCV  
  110  9:36  Marauder  
  112  9:41  Terran Infantry Weapons Level 2, Terran Infantry Armor Level 2  
  112  9:43  Liberator  
  112  9:45  Marine  
  112  9:46  Marine  
  112  9:47  Marauder  
  112  9:51  Concussive Shells  
  115  9:53  Marauder, Marine x2  
  115  9:57  Marauder, Widow Mine x2  
  124  10:00  Marine x2  
  124  10:03  Marine x2  
  122  10:08  Marauder  
  122  10:12  Marine x2  
  120  10:15  Marauder  
  120  10:19  Command Center, Marine x3, Marauder  
  127  10:26  Marine x2  
  127  10:28  Liberator x2  
  129  10:30  Marauder  
  127  10:36  Marine x4  
  127  10:37  Marauder  
  135  10:54  Marine x2  
  137  10:57  Terran Vehicle Weapons Level 1  
  137  10:58  Widow Mine x2  
  137  10:59  Supply Depot  
  141  11:11  Liberator x2  
  141  11:15  Marine  
  141  11:16  Marine  
  141  11:18  Marine  
  141  11:19  Marine  
  141  11:20  Marine x7  
  141  11:21  Marauder x2  
  140  11:33  Marine  
  140  11:34  Marine  
  140  11:36  Marine  
  140  11:37  Marine x2  
  140  11:38  Marauder, Marine x4  
  149  11:40  Marine  
  149  11:42  Marauder x2  
  149  11:51  Marine  
  149  11:52  Marine  
  149  11:54  Marine  
  149  11:55  Marine x2  
  149  11:56  Marine x2  
  149  11:59  Marauder  
  149  12:01  Marine x2  
  150  12:02  Marine  
  150  12:03  Marauder x2  
  148  12:09  Marine  
  148  12:10  Marine  
  148  12:12  Marine  
  148  12:13  Marine x2  
  148  12:14  Marine x2  
  153  12:18  Marine  
  153  12:19  Marine  
  153  12:20  Marine  
  153  12:21  Marauder  
  155  12:25  Marauder x2  
  155  12:26  Marine  
  155  12:28  Marine  
  160  12:30  Marine  
  160  12:31  Marine  
  161  12:41  Marine x3  
Tags
 
Add a new tag
Caveats
  • Supply blocks, unpowered buildings, or Contaminate may cause inaccurate times.
  • Supply counts are checked every 10 seconds.